 Dungeon Crawl Stone Soup version 0.30-a0-439-g9e77e4d916 (webtiles) character file.

Game seed: 3278786884630103980

203 Pooter the Chopper (level 5, 0/48 HPs)
             Began as a Minotaur Berserker on Dec 10, 2022.
             Was a Believer of Trog.
             Slain by Eustachio
             ... wielding a +2 rapier of speed
              (2 damage)
             ... on level 4 of the Dungeon.
             The game lasted 00:09:49 (2267 turns).

Pooter the Chopper (Minotaur Berserker)             Turns: 2267, Time: 00:09:49

Health: 0/48       AC:  8    Str: 23    XL:     5   Next: 51%
Magic:  4/4        EV: 10    Int:  4    God:    Trog [**....]
Gold:   210        SH:  0    Dex: 10    Spells: 4/4 levels left

rFire   . . .      SeeInvis .    a - +0 war axe
rCold   . . .      Faith    .    (no shield)
rNeg    . . .      Spirit   .    d - +0 scale mail
rPois   .          Reflect  .    (helmet restricted)
rElec   .          Harm     .    (no cloak)
rCorr   .          Rampage  .    (no gloves)
Will    .....                    c - +1 pair of boots
Stlth   ..........               (no amulet)
HPRegen 0.28/turn                (no ring)
MPRegen 0.09/turn                (no ring)

@: no status effects
A: horns 2, retaliatory headbutt
a: Renounce Religion, Berserk, Trog's Hand


You were on level 4 of the Dungeon.
You worshipped Trog.
Trog was pleased with you.
You visited 1 branch of the dungeon, and saw 4 of its levels.

You collected 210 gold pieces.

Inventory:

Hand Weapons
 a - a +0 war axe (weapon)
   (You found it on level 3 of the Dungeon)
 b - a +0 sling
   (You found it on level 3 of the Dungeon)
 i - the +5 dagger of the Ecumenical Temple {speed, rElec}
   (You found it on level 3 of the Dungeon)

   Attacks with this weapon are significantly faster.
   rElec:     It insulates you from electricity.
 k - a +0 flail
   (You took it off a gnoll on level 2 of the Dungeon)
Missiles
 g - 3 boomerangs (quivered)
 m - 3 datura-tipped darts
 Q - 7 stones
Armour
 c - a +1 pair of boots (worn)
   (You found it on level 1 of the Dungeon)
 d - a +0 scale mail (worn)
   (You found it on level 1 of the Dungeon)
Jewellery
 f - a ring of fire
   (You found it on level 1 of the Dungeon)
Scrolls
 h - a scroll of blinking {unknown}
 o - a scroll of silence
 r - a scroll of vulnerability {unknown}
 t - a scroll of teleportation {@r4}
Potions
 e - 2 potions of mutation {unknown}
 j - 2 potions of haste {unknown}
 l - a potion of lignification {unknown}
 n - 4 potions of curing {@q1}
 p - 2 potions of heal wounds {unknown}
 q - a potion of flight {unknown}
 s - a potion of berserk rage {unknown}


   Skills:
 + Level 5.1 Fighting
 * Level 6.3 Axes
 * Level 1.2 Ranged Weapons
 - Level 2.4 Armour
 - Level 2.1 Dodging


You had 4 spell levels left.
You didn't know any spells.
Your spell library was empty.

Dungeon Overview and Level Annotations

Branches:
Dungeon (4/15)
 Temple: D:4-7

Altars:
Hepliaklqana
Sif Muna
The Shining One

Annotations:
D:4 Eustachio


Innate Abilities, Weirdness & Mutations

You have a pair of horns on your head.
You reflexively headbutt those who attack you in melee.


Message History

Eustachio brags, "I can call spirits from the vasty deep."
Eustachio completely misses you. Eustachio closely misses you.
You furiously retaliate!
You headbutt Eustachio, but do no damage.
You closely miss Eustachio. You hit the iron imp.
The iron imp closely misses you.
Eustachio hits you with a +2 rapier of speed!
* * * LOW HITPOINT WARNING * * *
You closely miss Eustachio. You hit the iron imp.
Eustachio hits you with a +2 rapier of speed.
* * * LOW HITPOINT WARNING * * *
The iron imp hits you.
* * * LOW HITPOINT WARNING * * *
Eustachio barely misses you.
You closely miss Eustachio. Your headbutt misses Eustachio.
You hit the iron imp.
Eustachio mumbles some strange words.
The iron imp hits you but does no damage.
Eustachio hits you but does no damage.
Unknown command.
You slash Eustachio! You hit the iron imp.
Eustachio hits you with a +2 rapier of speed.
* * * LOW HITPOINT WARNING * * *
The iron imp hits you.
* * * LOW HITPOINT WARNING * * *
You miss Eustachio. You hit the iron imp.
You kill the iron imp!
The iron imp disappears in a puff of smoke!
Eustachio barely misses you. x2
Unknown command.
You hit Eustachio but do no damage. You hit the crimson imp.
Eustachio misses you. The crimson imp hits you.
* * * LOW HITPOINT WARNING * * *
Eustachio mumbles some strange words.
You barely miss Eustachio. Your headbutt misses Eustachio.
You slash the crimson imp!
The crimson imp hits you but does no damage.
Eustachio hits you with a +2 rapier of speed.
* * * LOW HITPOINT WARNING * * *
You barely miss Eustachio. You slash the crimson imp!
You kill the crimson imp!
The crimson imp disappears in a puff of smoke!
Eustachio hits you with a +2 rapier of speed.
* * * LOW HITPOINT WARNING * * *
Eustachio hits you with a +2 rapier of speed.
* * * LOW HITPOINT WARNING * * *
You closely miss Eustachio. You hit the river rat but do no damage.
The river rat misses you. Eustachio closely misses you.
Eustachio hits you with a +2 rapier of speed.
You die...

#.# #.# #.# #.#
...# #.# # #..#
#######.##.###.
#..#
#.....r5r....@.
#..# #.# ###@# #..#
#.# #5r@# ###..#
##.###§###
##.#..###...#.#.#
#.#.....^....###..
.###.####...#.#.###
## ##.####.###.###
.# #...†##........
#.#.###.)......###
... #...........


You could see Eustachio, 2 river rats, a shadow imp (summoned), an ufetubus
(summoned) and a rat (summoned).

Vanquished Creatures
  A necrophage (D:2)
  3 adders
  4 gnolls
  2 worms
  A dart slug (D:1)
  An orc (D:3)
  4 bats
  4 endoplasms
  A giant cockroach (D:1)
  5 goblins
  12 hobgoblins
  5 jackals (D:3)
  4 kobolds
  2 quokkas (D:1)
  6 ball pythons
  2 frilled lizards (D:1)
  9 rats
66 creatures vanquished.

Notes
Turn   | Place    | Note
-------+----------+-------------------------------------------
     0 | D:1      | Pooter the Minotaur Berserker began the quest for the Orb.
     0 | D:1      | Reached XP level 1. HP: 19/19 MP: 0/0
   243 | D:1      | Reached skill level 4 in Axes
   320 | D:1      | Reached XP level 2. HP: 27/27 MP: 1/1
   568 | D:1      | Reached XP level 3. HP: 33/33 MP: 2/2
   794 | D:2      | Reached skill level 5 in Axes
   801 | D:2      | Reached XP level 4. HP: 41/41 MP: 3/3
  1166 | D:2      | Noticed a necrophage
  1172 | D:2      | Killed a necrophage
  1173 | D:2      | Reached skill level 6 in Axes
  1173 | D:2      | Reached XP level 5. HP: 47/47 MP: 4/4
  1584 | D:3      | Reached skill level 5 in Fighting
  1590 | D:3      | Reached ** piety under Trog
  1640 | D:3      | Found a shimmering blue altar of Sif Muna.
  1725 | D:3      | Reached skill level 1 in Ranged Weapons
  1767 | D:3      | Found a glowing golden altar of the Shining One.
  1833 | D:3      | Found a hazy altar of Hepliaklqana.
  1835 | D:3      | Identified the +5 dagger of the Ecumenical Temple {speed,
                  | rElec}
  2248 | D:4      | Noticed Eustachio
  2266 | D:4      | HP: 2/48 [Eustachio/+2 rapier of speed (4)]
  2267 | D:4      | Slain by Eustachio

Illustrated notes

Levels and vault maps discovered:
D:1:      lightli_arrival_flooded_house, layout_loops_cross
D:2:      layout_loops_cross
D:3:      cheibrodos_greedy_goblins, layout_rooms, mainiacjoe_overflow_catwalk,
          mainiacjoe_overflow_tiny_flanked, nzn_hepliaklqana_mist_gate,
          chequers_serial_rivers_micro_e
D:4:      layout_loops_ring, uniq_eustachio

Skill      XL: |  1  2  3  4  5 |
---------------+----------------+-----
Axes           | 4 5 6 |  6.3
Fighting       | 4 5 |  5.1
Ranged Weapons | 1 |  1.2
Armour         | |  2.4
Dodging        | |  2.1

Action                   |  1- 3 |  4- 6 || total
-------------------------+-------+-------++-------
Melee: Hand axe          |    47 |    21 ||    68
       Headbutt          |     7 |     8 ||    15
       Flail             |       |    27 ||    27
       War axe           |       |    25 ||    25
 Fire: Sling             |       |    57 ||    57
Invok: Berserk           |     2 |     1 ||     3
  Use: Scroll            |       |     4 ||     4
Armor: Animal skin       |     3 |       ||     3
       Scale mail        |    11 |    33 ||    44
Dodge: Dodged            |    38 |    67 ||   105

Table legend: (Time is in decaauts)
 A = Elapsed time spent in this place.
 B = Non-inter-level travel time spent in this place.
 C = Inter-level travel time spent in this place.
 D = Time resting spent in this place.
 E = Time spent auto-exploring this place.
 F = Levels seen in this place.
 G = Mean time per level.
                   A        B        C        D        E       F      G
               +--------+--------+--------+--------+--------+-----+--------+
         Total |   2329 |   2264 |     65 |    244 |   1507 |   4 |  582.2 |
       Dungeon |   2329 |   2264 |     65 |    244 |   1507 |   4 |  582.2 |
               +--------+--------+--------+--------+--------+-----+--------+

Top non-repeatable levels by time:
     D:2: 778 daAuts
     D:3: 762 daAuts
     D:1: 723 daAuts
     D:4: 66 daAuts
